Map: Kairos Junction LE

Players

Ulg - Winner!

  • Race: Terran Terran
  • League: Diamond
  • Spawn Location: 5:00

Sashamon

  • Race: Zerg Zerg
  • League: Diamond
  • Spawn Location: 11:00

VOD

Have the link to the VOD?

Description

Pure frustration.

Time

  • Played on: Dec. 12, 2018, 9:16 a.m.
  • Length: 26:36
Show
View Real Time Build Order
Export as new Build Order

Ulg Terran - Winner!

Build Orders: Mech 

Get SALT Encoding   

  12  0:01  SCV  
  13  0:13  SCV  
  14  0:20  Supply Depot  
  14  0:25  SCV  
  15  0:29  Refinery  
  15  0:41  SCV  
  16  0:46  Barracks  
  16  0:54  SCV  
  17  1:06  SCV  
  18  1:18  SCV  
  19  1:19  Refinery  
  19  1:33  Marine  
  19  1:34  Orbital Command  
  19  1:39  Factory  
  20  1:51  Marine  
  20  1:53  Supply Depot  
  21  2:06  SCV  
  22  2:28  Factory Tech Lab  
  21  2:32  Command Center  
  21  2:38  SCV  
  21  2:39  Marine  
  21  2:40  Starport  
  23  2:48  Siege Tank  
  26  3:03  Supply Depot  
  25  3:25  Fusion Core, SCV  
  26  3:29  Marine  
  26  3:32  Refinery  
  27  3:35  Starport  
  27  3:36  Starport Tech Lab  
  27  3:37  SCV  
  28  3:47  Marine  
  29  3:49  SCV  
  29  3:54  Refinery  
  30  4:01  SCV  
  31  4:02  Starport Tech Lab  
  31  4:07  Orbital Command  
  31  4:18  Supply Depot  
  31  4:20  SCV  
  32  4:44  Battlecruiser  
  38  4:45  SCV  
  38  4:46  SCV  
  40  5:05  Battlecruiser  
  46  5:12  SCV  
  46  5:14  SCV  
  48  5:21  Weapon Refit  
  48  5:30  Supply Depot  
  48  5:32  SCV x2  
  48  5:34  Siege Tank  
  53  5:44  SCV  
  54  5:53  Supply Depot  
  54  6:04  SCV  
  54  6:06  SCV  
  54  6:08  Battlecruiser  
  62  6:16  SCV  
  63  6:28  SCV  
  64  6:33  SCV  
  64  6:35  Supply Depot  
  65  6:40  SCV  
  66  6:55  SCV x2  
  68  7:07  SCV x2  
  70  7:11  Command Center x2  
  70  7:14  Factory  
  70  7:15  Factory  
  70  7:17  Armory  
  70  7:18  Armory  
  70  7:36  SCV x2  
  72  7:39  Siege Tank  
  75  7:47  Engineering Bay  
  75  7:48  SCV x2  
  77  8:01  Factory Reactor  
  77  8:17  SCV  
  78  8:22  SCV  
  79  8:46  Missile Turret  
  79  8:52  Barracks Reactor  
  79  8:57  Drilling Claws  
  79  8:59  Widow Mine  
  79  9:00  Widow Mine  
  83  9:07  Missile Turret  
  83  9:09  Factory Reactor  
  83  9:13  Corvid Reactor  
  83  9:18  Starport  
  83  9:22  Missile Turret, Starport  
  83  9:26  Widow Mine x2  
  83  9:27  Widow Mine  
  83  9:30  Missile Turret  
  89  9:33  Missile Turret  
  83  9:57  Widow Mine x3  
  89  10:07  Planetary Fortress  
  89  10:09  Hellion x2  
  89  10:10  Terran Vehicle Weapons Level 1, Terran Vehicle And Ship Armor Level 1  
  89  10:13  Starport Tech Lab  
  93  10:17  SCV x2  
  93  10:18  Hellion  
  93  10:19  Hellion  
  99  10:22  Starport Tech Lab  
  99  10:23  Command Center  
  99  10:29  Widow Mine  
  99  10:31  Widow Mine x2  
  105  10:40  Hellion  
  107  10:58  Supply Depot x2  
  107  10:59  Missile Turret  
  107  11:01  Missile Turret  
  107  11:08  Raven  
  107  11:19  Raven x3  
  107  11:20  Hellion x5  
  107  11:22  Supply Depot  
  123  11:41  Hellion x2  
  123  11:42  Hellion x3  
  133  11:56  SCV x2  
  133  11:57  Missile Turret x2  
  133  12:01  Missile Turret  
  135  12:03  Hellion  
  135  12:04  Refinery x2  
  135  12:05  Planetary Fortress  
  135  12:07  Raven  
  139  12:17  SCV  
  139  12:18  Missile Turret x3, SCV  
  141  12:23  Missile Turret  
  141  12:24  Refinery  
  141  12:25  Refinery  
  119  12:46  Terran Vehicle Weapons Level 2, Hellion x5  
  119  12:47  Terran Vehicle And Ship Armor Level 2  
  119  12:50  Infernal Pre-Igniter  
  125  12:55  Raven x3  
  131  12:59  SCV x3  
  134  13:07  Hellion  
  134  13:11  SCV x3  
  139  13:14  Command Center  
  139  13:17  Missile Turret  
  139  13:21  Supply Depot, Raven  
  139  13:23  Supply Depot, Hellion x3  
  147  13:40  Missile Turret, Planetary Fortress  
  147  13:42  Raven, SCV x2  
  147  13:43  Hellion x2  
  147  13:45  Hellion x3  
  147  13:47  Missile Turret  
  155  13:50  Missile Turret x2  
  155  13:52  Missile Turret  
  155  13:56  Refinery  
  155  13:57  Refinery  
  155  13:58  Neosteel Armor  
  155  14:03  Missile Turret  
  155  14:04  Hellion x2  
  149  14:33  Hellion x2  
  149  14:34  Hellion x2  
  157  14:38  Refinery  
  157  14:40  Missile Turret  
  157  14:42  Raven x2, Hellion  
  157  14:43  Missile Turret  
  163  14:52  SCV x2  
  165  14:55  Hellion x2  
  165  14:56  Refinery  
  171  15:07  Hellion x3  
  173  15:16  Hellion x2  
  163  15:28  Hellion x2  
  163  15:29  Hellion  
  157  15:37  Hellion  
  157  15:38  Hellion  
  157  15:50  Hellion x3  
  157  15:51  Missile Turret, SCV x3  
  157  15:52  SCV x2  
  164  16:03  SCV x2  
  166  16:05  Missile Turret  
  166  16:12  Liberator x3  
  133  17:13  Raven x4  
  129  17:24  Hellion x5  
  129  17:25  Terran Vehicle And Ship Armor Level 3, Terran Vehicle Weapons Level 3  
  135  17:34  Missile Turret  
  135  17:35  Missile Turret x2  
  135  17:36  Missile Turret  
  135  17:45  Hellion x3  
  141  17:52  Starport  
  141  17:54  Starport  
  141  17:55  Raven  
  139  18:00  Planetary Fortress  
  126  18:26  Hellion x2  
  130  18:32  Hellion x3  
  126  18:37  SCV x3  
  126  18:38  SCV  
  114  18:47  Hellion x2  
  159  18:48  Liberator x3  
  118  18:49  Liberator  
  107  19:30  Starport Tech Lab  
  107  19:31  Liberator  
  107  19:48  Raven x3  
  108  20:07  Hellion x4  
  114  20:09  Supply Depot  
  116  20:26  Hellion  
  116  20:30  Hellion x4  
  124  20:55  Raven  
  124  20:59  Command Center  
  112  21:42  Raven x3  
  118  21:49  Hellion x3  
  124  21:55  Hellion  
  124  21:59  Hellion  
  120  22:10  Hellion  
  124  23:05  Hellion  
  124  23:06  Hellion x4  
  124  23:23  Missile Turret  
  124  23:28  Command Center  
  124  23:30  Command Center  
  124  23:31  Missile Turret  
  124  23:44  Missile Turret  
  120  24:21  Refinery  
  120  24:23  Planetary Fortress  
  112  24:25  Refinery, SCV  
  112  24:26  SCV x2  
  112  24:28  Hellion  
  112  24:29  Hellion x4  
  119  24:37  SCV  
  119  24:38  SCV x2  
  122  24:46  Missile Turret  
  122  24:49  Missile Turret  
  122  24:50  Hellion x3, SCV x2  
  122  24:51  Raven  
  122  24:52  Raven  
  128  25:03  Starport Tech Lab  
  126  25:11  Hellion x2  
  124  25:48  Missile Turret x2  
  122  25:50  Missile Turret  
  122  25:51  Missile Turret  
  120  26:03  Hellion x4  
  120  26:04  Hellion  
  130  26:16  Missile Turret  
Show
View Real Time Build Order
Export as new Build Order

Sashamon Zerg 

Build Orders: Pool First 

Get SALT Encoding   

  12  0:01  Drone  
  13  0:13  Overlord  
  13  0:17  Drone  
  14  0:31  Drone x2  
  16  0:38  Drone  
  17  0:45  Spawning Pool  
  17  0:49  Drone  
  17  1:10  Hatchery  
  16  1:17  Drone  
  17  1:32  Zergling x6  
  20  1:34  Queen  
  20  1:38  Extractor  
  21  1:43  Overlord  
  21  2:03  Drone  
  22  2:10  Drone  
  23  2:24  Drone x2  
  23  2:28  Queen  
  27  2:30  Drone  
  28  2:46  Overlord  
  27  2:54  Drone  
  27  3:01  Queen  
  27  3:04  Overlord  
  28  3:10  Queen  
  28  3:11  Drone  
  28  3:12  Drone  
  32  3:16  Hatchery  
  32  3:17  Metabolic Boost  
  32  3:19  Drone  
  32  3:29  Drone x3  
  35  3:42  Drone x6  
  41  3:53  Overlord  
  41  3:55  Zergling x6  
  44  4:08  Overlord  
  44  4:10  Queen  
  44  4:12  Zergling x4  
  44  4:14  Overlord  
  44  4:15  Drone x2  
  50  4:32  Drone  
  50  4:33  Drone x5  
  56  4:40  Drone x2  
  56  4:42  Baneling Nest  
  56  4:43  Evolution Chamber  
  56  4:48  Lair  
  56  4:53  Queen  
  56  4:54  Drone x7  
  64  5:02  Extractor, Spore Crawler  
  64  5:04  Spore Crawler, Drone x2  
  63  5:10  Overlord  
  63  5:12  Drone  
  64  5:25  Drone  
  65  5:31  Drone x3  
  68  5:37  Drone  
  68  5:38  Zergling x8, Drone  
  68  5:40  Overlord  
  68  5:42  Overlord x2  
  74  5:53  Hatchery, Zerg Ground Armor Level 1  
  74  5:55  Drone  
  74  5:57  Extractor  
  74  5:58  Overlord x2, Extractor  
  74  5:59  Spore Crawler, Zergling x6  
  74  6:00  Zergling x8  
  78  6:17  Drone  
  78  6:18  Drone  
  80  6:19  Drone x3  
  80  6:20  Drone x2  
  85  6:27  Queen  
  84  6:37  Spire  
  84  6:39  Queen  
  83  6:45  Queen  
  76  7:01  Spore Crawler  
  76  7:03  Spore Crawler, Queen  
  76  7:05  Spore Crawler  
  76  7:06  Spore Crawler  
  76  7:07  Spore Crawler  
  71  7:13  Queen  
  71  7:14  Queen  
  71  7:20  Hydralisk Den, Queen  
  67  7:31  Drone x3  
  70  7:39  Queen  
  70  7:44  Drone x6  
  75  7:46  Drone x3  
  75  7:47  Centrifical Hooks  
  75  7:49  Corruptor x2, Queen  
  75  7:50  Queen  
  89  7:52  Corruptor  
  89  7:56  Queen, Drone x2  
  95  8:00  Corruptor  
  96  8:14  Queen  
  98  8:20  Corruptor x4  
  98  8:24  Queen  
  108  8:28  Muscular Augments  
  107  8:35  Corruptor  
  108  8:51  Corruptor x2  
  108  8:53  Overlord  
  108  8:54  Overlord x2  
  112  8:58  Extractor  
  112  8:59  Drone  
  112  9:12  Extractor  
  111  9:30  Corruptor x4  
  117  9:36  Queen  
  115  9:39  Zerg Flyer Weapons Level 1  
  115  9:43  Hatchery  
  114  9:50  Corruptor  
  116  9:54  Drone x3  
  119  10:07  Infestation Pit  
  119  10:10  Hatchery, Zerg Melee Weapons Level 1  
  119  10:12  Drone  
  119  10:13  Drone  
  112  10:29  Corruptor x3  
  115  10:46  Hive  
  115  10:48  Drone x2  
  117  10:51  Drone  
  117  10:52  Overlord x3, Drone x7  
  125  11:17  Overseer x3  
  125  11:22  Corruptor x4  
  132  11:28  Drone x5  
  132  11:29  Drone  
  132  11:30  Extractor  
  132  11:32  Extractor  
  136  11:34  Drone x6  
  142  11:45  Corruptor  
  142  11:46  Corruptor x3  
  150  11:48  Zergling x26  
  150  11:49  Zergling x12  
  169  11:55  Drone x2  
  169  11:57  Overlord x2  
  171  12:18  Greater Spire  
  146  12:54  Adrenal Glands  
  146  12:55  Overlord, Ultralisk Cavern  
  145  12:59  Queen  
  145  13:00  Drone x2  
  145  13:01  Drone x2  
  145  13:02  Overlord x3  
  151  13:08  Zergling x38  
  170  13:17  Extractor  
  170  13:18  Extractor  
  170  13:19  Zerg Ground Armor Level 2  
  168  13:36  Baneling x14  
  167  13:42  Zerg Flyer Armor Level 1  
  167  13:44  Corruptor x5  
  167  13:45  Corruptor x4  
  182  14:09  Brood Lord x3  
  181  14:15  Brood Lord  
  174  14:35  Ultralisk x2  
  188  14:56  Ultralisk  
  189  15:12  Ultralisk  
  189  15:13  Ultralisk  
  169  15:50  Brood Lord x5  
  179  16:16  Ultralisk x2  
  170  16:22  Hatchery, Chitinous Plating  
  161  16:46  Ultralisk  
  127  17:18  Ultralisk  
  127  17:19  Ultralisk x2  
  135  17:36  Hatchery  
  134  17:41  Queen x4  
  142  17:44  Drone  
  142  17:45  Queen, Drone x14  
  159  18:05  Ultralisk x3  
  171  18:33  Ultralisk  
  159  18:38  Drone x16  
  159  18:39  Drone x4  
  179  18:56  Extractor  
  179  18:57  Extractor  
  159  19:11  Zergling x6  
  159  19:12  Zergling x34  
  159  19:15  Zerg Ground Armor Level 3  
  173  19:33  Drone x3  
  173  19:34  Drone x4  
  173  19:35  Overlord x2  
  133  19:46  Brood Lord  
  133  19:47  Brood Lord  
  95  20:02  Zergling x20  
  95  20:03  Zergling x28  
  80  20:31  Brood Lord  
  73  20:43  Roach Warren  
  63  21:05  Brood Lord  
  65  21:12  Drone x3  
  68  21:29  Hatchery  
  53  21:37  Corruptor x2  
  51  22:07  Drone x2  
  51  22:08  Drone x7  
  60  22:25  Ultralisk  
  62  22:41  Drone  
  62  22:42  Drone x4  
  62  22:43  Drone x2  
  62  22:44  Drone x3  
  72  22:53  Hatchery  
  52  23:29  Ultralisk  
  54  23:52  Ultralisk  
  43  24:27  Drone x4  
  43  24:30  Extractor, Drone x3  
  37  25:15  Drone x2  
  39  25:30  Drone x3  
  42  25:38  Drone x2  
  42  25:39  Drone  
  43  26:00  Zergling x10  
Tags
 
Composition
Mech
Matchup
TvZ
Opening
Pool First
Spawn Locations
Cross Positions
Add a new tag
Caveats
  • Supply blocks, unpowered buildings, or Contaminate may cause inaccurate times.
  • Supply counts are checked every 10 seconds.